 Dungeon Crawl Stone Soup version 0.24.1-8-ga250c9d538 (webtiles) character file.

Game seed: 16331551909995398575, levelgen mode: deterministic

81 raph the Poker (level 4, 0/33 HPs)
             Began as a Merfolk Skald on May 7, 2020.
             Slain by a gnoll
             ... wielding a +0 whip
              (10 damage)
             ... on level 2 of the Dungeon.
             The game lasted 00:04:05 (1444 turns).

raph the Poker (Merfolk Skald)                      Turns: 1444, Time: 00:04:06

Health: 0/33       AC:  4    Str: 11    XL:     4   Next: 40%
Magic:  1/7        EV: 12    Int: 12    God:
Gold:   136        SH:  0    Dex: 14    Spells: 2/8 levels left

rFire    . . .     SeeInvis .   a - +0 spear
rCold    . . .     Gourm    .   (no shield)
rNeg     . . .     Faith    .   b - +0 leather armour
rPois    .         Spirit   .   (no helmet)
rElec    .         Reflect  .   (no cloak)
rCorr    .         Harm     .   m - +0 pair of gloves
MR       .....                  (no boots)
Stlth    ..........             (no amulet)
HPRegen  0.11/turn              o - ring of attention (curse)
MPRegen  0.10/turn              (no ring)

@: no status effects
A: change form in water, swift swim, stealthy swim
a: no special abilities


You were on level 2 of the Dungeon.
You were not hungry.

You visited 1 branch of the dungeon, and saw 2 of its levels.

You collected 136 gold pieces.

Inventory:

Hand Weapons
 a - a +0 spear (weapon)
Missiles
 i - 79 stones (quivered)
Armour
 b - a +0 leather armour (worn)
 l - a +0 buckler of protection
 m - a +0 pair of gloves (worn)
Jewellery
 o - a cursed ring of attention (left hand)
Scrolls
 e - a scroll of remove curse {unknown}
 f - a scroll of enchant weapon {unknown}
 g - 2 scrolls of identify {unknown}
 h - a scroll of teleportation {unknown}
Potions
 c - a potion of berserk rage {unknown}
 j - 2 potions of lignification {unknown}
 n - a potion of curing {unknown}
 p - a potion of degeneration {unknown}
 q - a potion of might {unknown}
Comestibles
 d - 3 rations
 k - 2 chunks of flesh


   Skills:
 - Level 2.1 Fighting
 * Level 4.5 Polearms
 - Level 0.6 Armour
 - Level 2.6 Dodging
 + Level 0.7 Shields
 + Level 2.5 Spellcasting
 * Level 4.3 Charms


You had 2 spell levels left.
You knew the following spells:

 Your Spells              Type           Power        Failure   Level  Hunger
a - Infusion              Chrm           ##..         6%          1    #......
b - Song of Slaying       Chrm           ##......     9%          2    ###....
c - Spectral Weapon       Hex/Chrm       #.......     38%         3    ###....

Your spell library contained the following spells:

 Spells                   Type           Power        Failure   Level  Hunger
 Shroud of Golubria       Chrm/Tloc      #.....       22%         2    ###....
 Regeneration             Chrm/Necr      #.........   38%         3    ###....


Dungeon Overview and Level Annotations

Branches:
Dungeon (2/15)

Altars:


Message History

Attack whom?
Press: ? - help, Dir - move target cursor, f/p - gnoll
Aim: a gnoll, wielding a +0 spear (heavily wounded)
You reach to attack!
You puncture the gnoll!
You kill the gnoll!
Attack whom?
Press: ? - help, Dir - move target cursor, f - jackal
Aim: a jackal You reach to attack!
You puncture the jackal!
You kill the jackal!
Attack whom?
Press: ? - help, Dir - move target cursor, f - gnoll
Aim: a gnoll, wielding a +0 whip You reach to attack!
You hit the gnoll but do no damage.
Your song has ended.
Attack whom?
Press: ? - help, Dir - move target cursor, f/p - gnoll
Aim: a gnoll, wielding a +0 whip You hit the gnoll but do no damage.
The gnoll hits you with a +0 whip!
You die...

#######.# #######.......#
##+###........######
#...##........##########+#
#...##........'...........
#.............##..........
####.......########..........
......#....# #.###..........
..#####....# #!@gh..........
..# #....# #.####?..[....g
### #....# ... #?.......g
#....#.### #[.h...... #....#
###..#+##. ###### #.# .. .##


You could see a gnoll and a jackal.

Vanquished Creatures
  3 gnolls (D:2)
  An adder (D:2)
  A dart slug (D:1)
  A leopard gecko (D:1)
  4 bats
  A giant cockroach (D:1)
  5 goblins (D:1)
  A hobgoblin (D:1)
  6 jackals
  A ball python (D:1)
  5 frilled lizards (D:1)
  6 kobolds (D:1)
  6 rats
41 creatures vanquished.

Notes
Turn   | Place    | Note
-------+----------+-------------------------------------------
     0 | D:1      | raph the Merfolk Skald began the quest for the Orb.
     0 | D:1      | Reached XP level 1. HP: 16/16 MP: 3/3
   133 | D:1      | Reached XP level 2. HP: 22/22 MP: 0/5
   207 | D:1      | Learned a level 2 spell: Song of Slaying
   804 | D:1      | Reached XP level 3. HP: 27/27 MP: 4/6
   827 | D:1      | Learned a level 3 spell: Spectral Weapon
  1433 | D:2      | Reached XP level 4. HP: 14/33 MP: 0/7
  1444 | D:2      | Slain by a gnoll

Levels and vault maps discovered:
D:1:      onia_arrival_mini_maze, layout_loops_corners, minmay_door_square,
          minmay_misc_feat_nine_boxes
D:2:      layout_basic, lemuel_doored_altar, kiku_gazebo_pond_becter,
          uniq_terence

Skill      XL: |  1  2  3 |
---------------+----------+-----
Polearms       | 4 |  4.5
Charms         | 4 |  4.3
Fighting       | |  2.1
Armour         | |  0.6
Dodging        | |  2.6
Shields        | |  0.7
Spellcasting   | |  2.5

Action                   |  1- 3 |  4- 6 || total
-------------------------+-------+-------++-------
Melee: Spear             |   117 |    11 ||   128
 Cast: Infusion          |    17 |       ||    17
       Song of Slaying   |     1 |       ||     1
 Stab: Sleeping          |     1 |       ||     1
  Eat: Chunk             |     2 |       ||     2
Armor: Leather armour    |    21 |     3 ||    24
Dodge: Dodged            |    51 |     1 ||    52
